 Dungeon Sprint DCSS version 0.31-a0-844-gdc52ec4e09 (webtiles) character file.

Game seed: 4959696173529058518

2398 sircluck the Grappler (level 9, -8/153 HPs)
             Began as a Troll Berserker on Sept 28, 2023.
             Was an Elder of Trog.
             Mangled by a blink frog (13 damage)
             ... in the Dungeon (Sprint VII: "The Pits").
             The game lasted 00:02:11 (409 turns).

sircluck the Grappler (Troll Berserker)              Turns: 409, Time: 00:02:12

Health: -8/153     AC:  4    Str: 31    XL:     9   Next: 23%
Magic:  8/8        EV: 12    Int:  3    God:    Trog [****..]
Gold:   0          SH:  0    Dex:  9    Spells: 8/8 levels left

rFire   . .          .
                       - Unarmed
rCold   . . .        (no shield)
rNeg    . . .        a - +0 animal skin
rPois   .            (helmet restricted)
rElec   .            (no cloak)
rCorr   .            (gloves unavailable)
SInv    .            (boots unavailable)
Will    .....        (no amulet) Stlth
                     (no ring)
HPRegen 1.25/turn    (no ring)
MPRegen 0.11/turn

%: no teleportation
@: berserking (expiring), very quick
A: large, unfitting armour, claws 3, regeneration 1, shaggy fur 1, tough skin 1
a: Renounce Religion, Berserk, Trog's Hand, Brothers in Arms


You were in the Dungeon.
You worshipped Trog.
Trog was greatly pleased with you.
You visited 1 branch

Inventory:

Armour
 a - a +0 animal skin (worn)
Scrolls
 g - a scroll of blinking
Potions
 b - a potion of curing
 c - a potion of heal wounds
 d - a potion of haste
 e - 2 potions of magic
 f - a potion of berserk rage


   Skills:
 + Level 10.8 Fighting
 + Level 10.7 Dodging
 + Level 12.6 Unarmed Combat


You had 8 spell levels left.
You didn't know any spells.
Your spell library was empty.

Dungeon Overview and Level Annotations

Branches:
Dungeon (1/1)

Altars:


Innate Abilities, Weirdness & Mutations

You are too large for most types of armour.
You have claws for hands.
Your natural rate of healing is unusually fast.
You are covered in fur. (AC +1)
You have tough skin. (AC +1)


Message History

The vampire knight gestures wildly while chanting.
The vampire knight flickers and vanishes!
Deactivating autopickup; reactivate with Ctrl-A.
The blink frog blinks!
You closely miss the blink frog. Your claw misses the blink frog.
The blink frog blinks!
You feel a strong urge to attack something.
The blink frog hits you!
You scratch the blink frog.
The blink frog is lightly wounded.
The blink frog barely misses you. Something hits you!
You closely miss the blink frog. Your claw misses the blink frog.
The blink frog is lightly wounded.
The blink frog hits you.
The blink frog blinks!
The blink frog hits you!
You claw the blink frog!
The blink frog is heavily wounded.
Something hits you! The blink frog completely misses you.
The blink frog barely misses you.
You mangle the blink frog!!
You kill the blink frog!
Trog accepts your kill.
You can now call in reinforcements.
Something hits you. The blink frog hits you. The blink frog hits you!
You closely miss the blink frog. Something barely misses you.
The blink frog completely misses you.
The blink frog hits you but does no damage.
You miss the blink frog. Something hits you!!
You are too injured to fight recklessly!
You are too injured to fight recklessly!
You are too injured to fight recklessly!
You are too injured to fight recklessly!
You are too injured to fight recklessly!
You are too injured to fight recklessly!
You mangle the blink frog!!
The blink frog is severely wounded.
The blink frog blinks!
The blink frog hits you!
* * * LOW HITPOINT WARNING * * *
You closely miss the blink frog. Something hits you!!
* * * LOW HITPOINT WARNING * * *
The blink frog blinks!
The blink frog hits you!
You die...

....# .#..# ...+
...+ #++# #++######
#........ #F.F....§
#@§###### #..# #..#
####### #..#
..##..# #..#
..##..# #..#
..''..# #..#
..†'..##########†.#
..##...........†..#


You could see 2 blink frogs.

Vanquished Creatures
  An alligator snapping turtle (D)
  A deep troll (D)
  A hellwing (D)
  A blink frog (D)
  A shadow (D)
  A small abomination (D)
  3 yaks (D)
  A warg (D)
  A wolf (D)
  A quokka (D)
12 creatures vanquished.

Notes
Turn   | Place    | Note
-------+----------+-------------------------------------------
     0 | D        | sircluck the Troll Berserker began the quest for the Orb.
     0 | D        | Reached XP level 1. HP: 22/22 MP: 0/0
    11 | D        | Noticed a warg
    11 | D        | Noticed a yak
    11 | D        | Noticed a yak
    11 | D        | Noticed a yak
    22 | D        | Killed a warg
    23 | D        | Reached skill level 5 in Fighting
    23 | D        | Reached skill level 5 in Dodging
    23 | D        | Reached skill level 6 in Unarmed Combat
    23 | D        | Reached XP level 2. HP: 35/35 MP: 1/1
    23 | D        | Reached XP level 3. HP: 42/42 MP: 2/2
    23 | D        | Reached XP level 4. HP: 50/50 MP: 3/3
    26 | D        | Killed a yak
    27 | D        | Reached skill level 7 in Unarmed Combat
    27 | D        | Reached XP level 5. HP: 61/61 MP: 4/4
    30 | D        | Killed a yak
    30 | D        | Reached ** piety under Trog
    31 | D        | Reached skill level 8 in Unarmed Combat
    31 | D        | Reached XP level 6. HP: 71/71 MP: 5/5
    35 | D        | Killed a yak
    36 | D        | Reached skill level 9 in Unarmed Combat
    36 | D        | Reached XP level 7. HP: 79/79 MP: 6/6
   188 | D        | Noticed a deep troll
   201 | D        | Killed a deep troll
   202 | D        | Reached skill level 10 in Unarmed Combat
   202 | D        | Reached XP level 8. HP: 76/92 MP: 7/7
   266 | D        | Reached *** piety under Trog
   267 | D        | Reached skill level 11 in Unarmed Combat
   326 | D        | Noticed an alligator snapping turtle
   326 | D        | Noticed a hellwing
   330 | D        | Killed a hellwing
   332 | D        | Reached skill level 10 in Fighting
   345 | D        | Killed an alligator snapping turtle
   345 | D        | Reached **** piety under Trog
   346 | D        | Reached skill level 10 in Dodging
   346 | D        | Reached skill level 12 in Unarmed Combat
   346 | D        | Reached XP level 9. HP: 71/102 MP: 8/8
   393 | D        | Noticed a vampire knight
   409 | D        | HP: 5/153 [something (28)]
   409 | D        | Mangled by a blink frog

Illustrated notes

Levels and vault maps discovered:
D:        pitsprint [storerooms_1, entrance_room_1, metal_vault_6, armoury_2,
          mini_pit_1, grid_room_1, main_hall_1, silver_pit, the_coven_1,
          the_vestibule_1, steel_vault_2, golden_pit, hallway_of_sentries,
          crystal_vault_5, iron_vault_5, final_vault]

Skill      XL: |  1  2  3  4  5  6  7  8 |
---------------+-------------------------+-----
Fighting       | 5 6 7 9 10 | 10.8
Dodging        | 5 6 7 9 10 | 10.7
Unarmed Combat | 6 7 8 9 10 12 | 12.6

Action                     |  1- 3 |  4- 6 |  7- 9 || total
---------------------------+-------+-------+-------++-------
  Melee: Unarmed           |     3 |    13 |    49 ||    65
         Punch             |       |       |     2 ||     2
 Invoke: Berserk           |     1 |       |     3 ||     4
 Armour: Animal skin       |     1 |     4 |    34 ||    39
  Dodge: Dodged            |     1 |     5 |    20 ||    26

Table legend: (Time is in decaauts)
 A = Elapsed time spent in this place.
 B = Non-inter-level travel time spent in this place.
 C = Inter-level travel time spent in this place.
 D = Time resting spent in this place.
 E = Time spent auto-exploring this place.
 F = Levels seen in this place.
 G = Mean time per level.
                   A        B        C        D        E       F      G
               +--------+--------+--------+--------+--------+-----+--------+
         Total |    418 |    415 |      3 |    229 |     11 |   1 |  418.0 |
       Dungeon |    418 |    415 |      3 |    229 |     11 |   1 |  418.0 |
               +--------+--------+--------+--------+--------+-----+--------+

Top non-repeatable levels by time:
       D: 418 daAuts
